 Dungeon Crawl Stone Soup version 0.30-a0-364-gf6b3ef1 (webtiles) character file.

Game seed: 9542917897059303445

36446 Dorkslayer the Spear-Bearer (level 13, -1/103 HPs)
             Began as a Merfolk Fighter on Nov 15, 2022.
             Was an Initiate of Gozag.
             Slain by an azure jelly (44 damage)
             ... in an ice cave.
             The game lasted 00:49:09 (13041 turns).

Dorkslayer the Spear-Bearer (Merfolk Fighter)      Turns: 13041, Time: 00:49:10

Health: -1/103     AC: 20    Str: 17    XL:     13   Next: 90%
Magic:  13/13      EV:  7    Int: 15    God:    Gozag
Gold:   2736       SH:  8    Dex: 21    Spells: 12/12 levels left

rFire   . . .      SeeInvis +    E - +14 obsidian axe {vorpal, Mesm Drain Fly SInv}
rCold   . . .      Faith    .    J - +2 buckler {AC+3}
rNeg    . . .      Spirit   .    g - +0 plate armour
rPois   .          Reflect  .    j - +0 hat {Stlth+}
rElec   .          Harm     .    o - +0 cloak
rCorr   .          Rampage  +    f - +0 pair of gloves
Will    +....                    l - -1 pair of boots of the Garden {Rampage Dex+3}
Stlth   ..........               G - amulet of the acrobat
HPRegen 0.37/turn                P - ring of willpower
MPRegen 0.13/turn                H - +6 ring of intelligence

@: flying, mesmerised, studying 2 skills
A: (nimble swimmer 2), mertail, iridescent scales 1, see invisible, agile 1
a: Renounce Religion, Potion Petition, Call Merchant, Bribe Branch


You were in an ice cave.
You worshipped Gozag.
Gozag was most pleased with you.
You visited 2 branches of the dungeon, and saw 14 of its levels.
You also visited: Sewer and Ice Cave.

You collected 4387 gold pieces.
You spent 1611 gold pieces at shops.
You paid 40 gold pieces to Gozag.

Inventory:

Hand Weapons
 a - a +1 trident
 E - the +14 obsidian axe (weapon) {vorpal, Mesm Drain Fly SInv}
   (You bought it in a shop on level 7 of the Dungeon)

   It inflicts extra damage upon your enemies.
   It occasionally summons demons to assist the wielder when it strikes in
   combat.
   Its wielder is mesmerised by any visible foes.
   It cannot be unequipped while any foes are visible.
   SInv:      It lets you see invisible.
   Fly:       It grants you flight.
   Drain:     It drains your maximum health when unequipped.
 M - the +7 flail "Seikk" {elec, rF+ Str+3 Stlth+}
   (You found it on level 10 of the Dungeon)

   It occasionally discharges a powerful burst of electricity upon striking a
   foe.
   Str:       It affects your strength (+3).
   rF:        It protects you from fire.
   Stlth:     It makes you more stealthy.
Missiles
 n - 25 poisoned darts (quivered)
 p - 5 javelins
 t - 4 throwing nets
 A - 7 boomerangs
 F - 3 curare-tipped darts
Armour
 f - a +0 pair of gloves (worn)
 g - a +0 plate armour (worn)
 h - a +0 helmet
 j - a +0 hat of stealth (worn)
 l - the -1 pair of boots of the Garden (worn) {Rampage Dex+3}
   (You bought it in a shop on level 2 of the Orcish Mines)

   Dex:       It affects your dexterity (+3).
   Rampage:   It bestows one free step when moving towards enemies.
 o - a +0 cloak (worn)
 J - a +2 buckler of protection (worn)
Jewellery
 G - an amulet of the acrobat (around neck)
 H - a +6 ring of intelligence (right hand)
 P - a ring of willpower (left hand)
Wands
 c - a wand of polymorph (5)
 y - a wand of mindburst (12)
 B - a wand of iceblast (3)
 C - a wand of digging (6)
 O - a wand of acid (4)
Scrolls
 d - 2 scrolls of enchant weapon
 e - a scroll of immolation
 i - a scroll of brand weapon {unknown}
 k - 3 scrolls of fear
 m - 6 scrolls of teleportation
 u - 2 scrolls of amnesia {unknown}
 z - 2 scrolls of poison {unknown}
 K - 2 scrolls of blinking {unknown}
Potions
 q - 2 potions of curing
 r - 3 potions of mutation
 s - a potion of haste
 v - 2 potions of flight {unknown}
 w - 4 potions of brilliance
 x - 2 potions of berserk rage {unknown}
 I - a potion of might
 N - 2 potions of ambrosia {unknown}
 Q - 2 potions of invisibility
Miscellaneous
 b - a condenser vane (inert)
 R - a lightning rod (4/4)


   Skills:
 * Level 9.9 Fighting
 * Level 10.8(12.8) Axes
 * Level 7.5(10.2) Maces & Flails
 + Level 12.6(16.1) Polearms
 + Level 2.4 Throwing
 + Level 6.7 Armour
 + Level 4.0 Dodging
 + Level 2.8 Stealth
 + Level 6.2 Shields
 * Level 8.9 Evocations


You had 12 spell levels left.
You didn't know any spells.
Your spell library contained the following spells:

 Spells                   Type           Power      Damage    Failure   Level
 Magic Dart               Conj           0%         1d3       100%        1
 Sandblast                Erth           0%         2d4       100%        1
 Call Imp                 Summ           0%         N/A       100%        2
 Passwall                 Tmut/Erth      0%         N/A       100%        2
 Ignite Poison            Fire/Tmut/Pois 0%         N/A       100%        3
 Kindle Blastsparks       Fire/Tloc/Air  0%         2d10      100%        3
 Mephitic Cloud           Conj/Pois/Air  0%         N/A       100%        3
 Ozocubu's Armour         Ice            0%         N/A       100%        3
 Stone Arrow              Conj/Erth      0%         3d7       100%        3
 Freezing Cloud           Conj/Ice/Air   0%         6-21      100%        5
 Ozocubu's Refrigeration  Ice            0%         4d7       100%        7


Dungeon Overview and Level Annotations

Branches:
Dungeon (12/15)            Temple (0/1) D:5            Lair (0/5) D:8
    Orc (2/2) D:11            Elf (0/3) Orc:2         Sewer (visited)
  IceCv (1/1)

Altars:
Ashenzari
Cheibriados
Dithmenos
Elyvilon
Gozag
Hepliaklqana
Kikubaaqudgha
Nemelex Xobeh
Qazlal
Sif Muna
Trog
Wu Jian
Yredelemnul
The Shining One

Shops:
D:3 :   D:7 (   Orc:2 [[((*


Innate Abilities, Weirdness & Mutations

((You are very nimble when in or above water. (Stealth+, EV+, Speed+++)))
Your lower body shifts to a powerful aquatic tail in water.
You are partially covered in iridescent scales. (AC +2)
You have supernaturally acute eyesight. (SInv)
You are agile. (Dex +4, Str/Int -1)


Message History

The great orb of eyes simulacrum freezes you!!
You hit the great orb of eyes simulacrum.
The great orb of eyes simulacrum is almost destroyed.
You slice the great orb of eyes simulacrum!!
You are no longer entranced.
The great orb of eyes simulacrum vaporises!
You start resting.
HP restored.
You now have 2736 gold pieces (gained 7).
An azure jelly comes into view.
Visions of slaying the azure jelly flood into your mind.
The azure jelly quivers.
Clouds of noxious fumes condense around you!
The condenser dries out!
Aiming: Mindburst
Press: ? - help, Shift-Dir - straight line, f - you
Okay, then.
Aiming: Iceblast
Press: ? - help, Shift-Dir - straight line, f - azure jelly
Aim: an azure jelly (noxious fumes, mesmerising)
The mass of ice explodes!
The iceblast engulfs the azure jelly!!
The azure jelly partially resists.
The azure jelly is moderately wounded.
An azure jelly comes into view.
You barely miss the azure jelly.
The azure jelly is moderately wounded.
The azure jelly hits you but does no damage.
The azure jelly closely misses you.
The azure jelly hits you but does no damage.
You block the azure jelly's attack.
You slash the azure jelly!
The azure jelly is moderately wounded.
The azure jelly hits you. The azure jelly freezes you!!
The azure jelly hits you. The azure jelly freezes you!
The azure jelly hits you. The azure jelly barely misses you.
You slash the azure jelly!
The azure jelly is heavily wounded.
The azure jelly hits you. The azure jelly freezes you!!!
You die...
Your body crumbles into a pile of gold.

..##
##..##...##.##..#
..#
$#...##...#...#..#
.##
##...##..##......#
.#
#....##..##......#
.#
##..####..##......#
## #...#
#..##......# #
#..## #..##.##..##
# #..# ##..##..##.#
# #..##
#..###@.#### #
##..###..# #J..# .#
#..##...# ....# .#
#...#...##.§§§.# ..
##......#..J§§..#
..#
##....##..§§§..#
..# #....#...#.#...
##..##... .....#
##.#


You could see 2 azure jellies.

Vanquished Creatures
  Harold (D:9)
  3 ogre magi (Orc:2)
  14 two-headed ogres
  An orc high priest (Orc:1)
  Nergalle (Orc:1)
  Sonja (Orc:1)
  A cyclops (D:11)
  An ice statue (IceCv)
  Maurice (D:10)
  An unseen horror (D:12)
  2 trolls (D:9)
  Grinder (D:4)
  9 slime creatures (IceCv)
  6 yaks
  Sigmund (D:6)
  A shadow (D:11)
  A wraith (D:12)
  4 steam dragons
  5 hogs (D:12)
  Menkaure (D:6)
  A warg (Orc:2)
  2 water moccasins
  2 ice beasts
  13 orc warriors
  2 great orb of eyes simulacra (IceCv)
  3 sky beasts
  27 ogres
  3 centaurs
  2 phantoms
  3 slime creature simulacra (IceCv)
  6 kobold brigands
  2 bullfrogs
  A necrophage (D:5)
  2 scorpions
  A glowing shapeshifter simulacrum (IceCv)
  A gnoll sergeant (D:7)
  7 wights
  6 killer bees
  4 howler monkeys
  A crimson imp (D:7)
  2 gnoll boudas
  4 hounds
  5 orc priests
  4 iguanas
  Ijyb (D:4)
  Natasha (twice) (D:4)
  15 orc wizards
  2 shapeshifter simulacra (IceCv)
  28 gnolls
  11 adders
  5 river rats (Sewer)
  A shadow imp (D:8)
  A white imp (D:7)
  4 worms
  A dart slug (D:2)
  58 orcs
  A bat (D:1)
  7 endoplasms
  2 giant cockroaches (D:4)
  7 goblins
  9 hobgoblins
  4 jackals
  3 quokkas
  8 ball pythons
  8 frilled lizards
  A goblin skeleton (D:7)
  A goblin zombie (D:7)
  6 hobgoblin zombies (D:7)
  24 kobolds
  A kobold skeleton (D:7)
  A kobold zombie (D:7)
  7 rats
379 creatures vanquished.

Vanquished Creatures (collateral kills)
  Gastronok (D:11)
  Kirke (D:12)
  2 ogre magi
  2 two-headed ogres
  Urug (D:11)
  2 manticores
  A cyclops (D:12)
  An efreet (D:10)
  A troll (D:11)
  A culicivora (shapeshifter) (D:10)
  A hog (D:12)
  9 yaks
  2 orc warriors
  2 ogres (Orc:2)
  3 slime creature simulacra (IceCv)
  2 gnoll sergeants
  3 killer bees (D:8)
  3 howler monkeys (D:8)
  2 orc priests (Orc:2)
  A gnoll bouda (D:9)
  An orc wizard (Orc:2)
  6 gnolls
  8 orcs
  2 kobolds (D:11)
58 creatures vanquished.

Vanquished Creatures (others)
  11 plants (Sewer)
11 creatures vanquished.

Grand Total: 448 creatures vanquished

Notes
Turn   | Place    | Note
-------+----------+-------------------------------------------
     0 | D:1      | Dorkslayer the Merfolk Fighter began the quest for the Orb.
     0 | D:1      | Reached XP level 1. HP: 18/18 MP: 1/1
   310 | D:1      | Reached XP level 2. HP: 22/24 MP: 2/2
   311 | D:1      | Reached skill level 1 in Dodging
   657 | D:2      | Reached skill level 3 in Polearms
   740 | D:2      | Found a faded altar of an unknown god.
   852 | D:2      | Reached XP level 3. HP: 29/29 MP: 3/3
  1131 | D:2      | Noticed a scorpion
  1153 | D:2      | Killed a scorpion
  1154 | D:2      | Reached skill level 4 in Polearms
  1154 | D:2      | Reached XP level 4. HP: 19/37 MP: 4/4
  1480 | D:3      | Found Viapeasy's Book Shop.
  1498 | D:2      | Reached XP level 5. HP: 30/42 MP: 5/5
  1827 | D:3      | Found a broken altar of Ashenzari.
  1854 | D:3      | Found an opulent altar of Gozag.
  1866 | D:3      | Became a worshipper of Gozag Ym Sagoz the Greedy
  2228 | D:4      | Found a white marble altar of Elyvilon.
  2241 | D:4      | Found a bloodstained altar of Trog.
  2273 | D:4      | Found a shimmering blue altar of Sif Muna.
  2337 | D:4      | Noticed Ijyb
  2346 | D:4      | Killed Ijyb
  2347 | D:4      | Reached skill level 5 in Polearms
  2347 | D:4      | Reached XP level 6. HP: 48/48 MP: 6/6
  2425 | D:4      | Found a glowing drain.
  2434 | Sewer    | Entered a sewer
  2726 | Sewer    | Reached skill level 6 in Polearms
  2726 | Sewer    | Reached skill level 1 in Evocations
  2726 | Sewer    | Reached XP level 7. HP: 49/54 MP: 7/7
  3106 | D:4      | Found a shadowy altar of Dithmenos.
  3365 | D:4      | Found a hazy altar of Hepliaklqana.
  3378 | D:4      | Noticed Natasha
  3386 | D:4      | Killed Natasha
  3698 | D:4      | Noticed Natasha
  3702 | D:4      | Killed Natasha
  3704 | D:4      | Noticed Grinder
  3713 | D:4      | Killed Grinder
  3714 | D:4      | Reached skill level 7 in Polearms
  3714 | D:4      | Reached XP level 8. HP: 60/61 MP: 8/8
  3957 | D:4      | Reached skill level 8 in Polearms
  4171 | D:5      | Entered Level 5 of the Dungeon
  4339 | D:5      | Gained mutation: You have supernaturally acute eyesight.
                  | (SInv) [potion of mutation]
  4339 | D:5      | Gained mutation: You are partially covered in iridescent
                  | scales. (AC +2) [potion of mutation]
  4339 | D:5      | Gained mutation: You are agile. (Dex +4, Str/Int -1)
                  | [potion of mutation]
  4549 | D:6      | Reached skill level 9 in Polearms
  4576 | D:5      | Reached skill level 1 in Stealth
  4600 | D:5      | Reached skill level 5 in Fighting
  4693 | D:5      | Found a staircase to the Ecumenical Temple.
  4705 | D:5      | Reached XP level 9. HP: 66/68 MP: 9/9
  4845 | D:5      | Reached skill level 1 in Throwing
  5149 | D:6      | Noticed Sigmund
  5165 | D:6      | Killed Sigmund
  5166 | D:6      | Reached skill level 10 in Polearms
  5321 | D:6      | Found a transporter.
  5323 | D:6      | Found an ancient bone altar of Kikubaaqudgha.
  5327 | D:6      | Noticed Menkaure
  5341 | D:6      | Found a basalt altar of Yredelemnul.
  5464 | D:6      | Found a stormy altar of Qazlal.
  5607 | D:6      | Found a transporter.
  5903 | D:6      | Killed Menkaure
  6002 | D:6      | Reached skill level 5 in Evocations
  6175 | D:7      | Reached skill level 11 in Polearms
  6267 | D:7      | Found a glowing golden altar of the Shining One.
  6359 | D:7      | Identified the +1 robe of Contumacious Liberty {rElec
                  | Int+5}
  6402 | D:7      | Found a sparkling altar of Nemelex Xobeh.
  6486 | D:7      | Reached XP level 10. HP: 50/76 MP: 10/10
  6841 | D:7      | Noticed a two-headed ogre
  6844 | D:7      | Killed a two-headed ogre
  6845 | D:7      | Reached skill level 12 in Polearms
  6845 | D:7      | Reached skill level 5 in Armour
  6845 | D:7      | Reached skill level 5 in Shields
  7023 | D:7      | Found Giem's Weapon Shop.
  7280 | D:7      | Bought the +14 obsidian axe {vorpal, Mesm Drain Fly SInv}
                  | for 1339 gold pieces
  7280 | D:7      | Found the +14 obsidian axe {vorpal, Mesm Drain Fly SInv}
  7340 | D:8      | Found an ornate altar of the Wu Jian Council.
  7549 | D:8      | Reached skill level 1 in Maces & Flails
  7717 | D:8      | Found a staircase to the Lair.
  7917 | D:9      | Reached skill level 1 in Axes
  8392 | D:9      | Noticed Harold
  8402 | D:9      | Killed Harold
  8403 | D:9      | Reached XP level 11. HP: 63/84 MP: 11/11
  8718 | D:10     | Entered Level 10 of the Dungeon
  8750 | D:10     | Noticed a manticore
  8753 | D:10     | Noticed a two-headed ogre
  8759 | D:10     | Killed a two-headed ogre
  8761 | D:10     | Killed a manticore
  8858 | D:10     | Noticed an ogre mage
  8866 | D:10     | Killed an ogre mage
  8878 | D:10     | Identified the +7 flail "Seikk" {elec, rF+ Str+3 Stlth+}
  8983 | D:10     | Noticed Maurice
  8987 | D:10     | Killed Maurice
  9015 | D:10     | Reached skill level 5 in Axes
  9446 | D:10     | Found a snail-covered altar of Cheibriados.
  9468 | D:10     | Noticed a two-headed ogre
  9476 | D:10     | Killed a two-headed ogre
  9626 | D:10     | Noticed a two-headed ogre
  9632 | D:10     | Killed a two-headed ogre
 10233 | D:11     | Noticed Gastronok
 10241 | D:11     | Killed Gastronok
 10242 | D:11     | Reached skill level 5 in Maces & Flails
 10279 | D:11     | Noticed Urug
 10282 | D:11     | Noticed a manticore
 10285 | D:11     | Killed a manticore
 10286 | D:11     | Reached XP level 12. HP: 83/94 MP: 12/12
 10286 | D:11     | Killed Urug
 10377 | D:11     | Found a staircase to the Orcish Mines.
 10402 | Orc:1    | Entered Level 1 of the Orcish Mines
 10618 | Orc:2    | Entered Level 2 of the Orcish Mines
 10619 | Orc:2    | Found a staircase to the Elven Halls.
 10651 | Orc:2    | Noticed a two-headed ogre
 10651 | Orc:2    | Noticed a two-headed ogre
 10651 | Orc:2    | Noticed an ogre mage
 10652 | Orc:2    | Noticed an ogre mage
 10652 | Orc:2    | Found Ciemmox's Weapon Shop.
 10652 | Orc:2    | Found Esyrell's Armour Emporium.
 10652 | Orc:2    | Noticed a two-headed ogre
 10652 | Orc:2    | Noticed an ogre mage
 10652 | Orc:2    | Noticed an ogre mage
 10653 | Orc:2    | Found Pupenux's Antique Weapon Emporium.
 10653 | Orc:2    | Found Rayv's Antique Armour Boutique.
 10653 | Orc:2    | Noticed a two-headed ogre
 10653 | Orc:2    | Noticed a two-headed ogre
 10653 | Orc:2    | Noticed a two-headed ogre
 10653 | Orc:2    | Noticed a two-headed ogre
 10654 | Orc:2    | Noticed a two-headed ogre
 10656 | Orc:2    | Killed a two-headed ogre
 10657 | Orc:2    | Killed an ogre mage
 10657 | Orc:2    | Noticed a two-headed ogre
 10659 | Orc:2    | Killed an ogre mage
 10659 | Orc:2    | Killed an ogre mage
 10659 | Orc:2    | Killed a two-headed ogre
 10659 | Orc:2    | Killed a two-headed ogre
 10659 | Orc:2    | Killed a two-headed ogre
 10659 | Orc:2    | Noticed a two-headed ogre
 10659 | Orc:2    | Killed an ogre mage
 10659 | Orc:2    | Killed a two-headed ogre
 10660 | Orc:2    | Killed a two-headed ogre
 10660 | Orc:2    | Killed a two-headed ogre
 10660 | Orc:2    | Killed a two-headed ogre
 10664 | Orc:2    | Killed a two-headed ogre
 10665 | Orc:2    | Reached XP level 13. HP: 64/101 MP: 13/13
 10925 | Orc:2    | Found Muodetao's General Store.
 11044 | Orc:1    | Noticed Sonja
 11045 | Orc:1    | Noticed Nergalle
 11061 | Orc:1    | Killed Nergalle
 11077 | Orc:1    | Killed Sonja
 11578 | Orc:2    | Bought the -1 pair of boots of the Garden {Rampage Dex+3}
                  | for 140 gold pieces
 11630 | Orc:2    | Bought a potion of brilliance for 44 gold pieces
 11630 | Orc:2    | Bought a scroll of vulnerability for 44 gold pieces
 11630 | Orc:2    | Bought a scroll of identify for 22 gold pieces
 11630 | Orc:2    | Bought a scroll of identify for 22 gold pieces
 11925 | D:11     | Reached skill level 10 in Axes
 12092 | D:12     | Noticed Kirke
 12110 | D:12     | Killed Kirke
 12123 | D:12     | Found a frozen archway.
 12134 | IceCv    | Entered an ice cave
 12349 | IceCv    | HP: 5/103 [enormous slime creature (11)]
 13035 | IceCv    | Noticed an azure jelly
 13038 | IceCv    | Noticed an azure jelly
 13041 | IceCv    | Slain by an azure jelly

Illustrated notes

Levels and vault maps discovered:
D:1:      sevenhm_arrival_forest_fort_small_3, layout_basic,
          minmay_misc_feat_rows
D:2:      layout_loops_ring, shapermc_ecumenical_altar_flowoftime,
          nicolae_titane
D:3:      layout_rooms, ashenzari_altar_1, lemuel_round_altar, serial_shops,
          shop, dk_noncrumbling_3
D:4:      layout_loops_corners, lemuel_doored_altar,
          nicolae_dithmenos_shadow_blocks, grunt_temple_overflow_open,
          mainiacjoe_overflow_paths, cheibrodos_sewer_entry_bend,
          minmay_quantized, uniq_ijyb, uniq_natasha, uniq_grinder
D:5:      layout_cave_pools, minmay_temple_entry_junction, minmay_manual_mess
D:6:      layout_basic, gammafunk_temple_of_torment,
          nicolae_qazlal_style_of_elements, uniq_sigmund
D:7:      layout_cave_pools, nicolae_tso_besieged_by_evil,
          nemelex_spade_bored_becter, serial_shops, kennysheep_mini_moat,
          nicolae_benzene_ring, roderic_lattice_a, minmay_manual_monolith
D:8:      layout_cave_pools, mainiacjoe_overflow_alcove_4, lair_entry_dummy,
          palyth_stone_intersect, minmay_misc_feat_tower
D:9:      layout_roguey, kennysheep_small_circle, uniq_harold
D:10:     layout_grid_maze, chei_slow_surprise, minmay_diamond_spiral,
          uniq_maurice
D:11:     layout_cave_pools, david_orc_2, lightli_orcish_oven, uniq_urug,
          uniq_gastronok
D:12:     layout_cross, portal_ice_cave_entry_pillars_2, uniq_kirke
Orc:1:    layout_caves, uniq_sonja, uniq_nergalle
Orc:2:    st_orc_ogre_mass, layout_caves, basic_altar, serial_shops, shop_statue
IceCv:    ice_cave_hellmonk_azure_passage

Skill      XL: |  1  2  3  4  5  6  7  8  9 10 11 12 13 |
---------------+----------------------------------------+-----
Dodging        | 1 2 3 4 |  4.0
Polearms       | 3 4 5 6 7 9 11 12 | 12.6
Fighting       | 4 5 6 7 8 9 |  9.9
Armour         | 3 4 5 6 |  6.7
Evocations     | 1 2 3 5 6 7 8 |  8.9
Shields        | 4 5 6 |  6.2
Stealth        | 1 2 |  2.8
Throwing       | 1 2 |  2.4
Maces & Flails | 3 5 6 7 |  7.5
Axes           | 3 6 8 10 | 10.8

Action                   |  1- 3 |  4- 6 |  7- 9 | 10-12 | 13-15 || total
-------------------------+-------+-------+-------+-------+-------++-------
Melee: Trident           |   125 |   216 |   507 |    38 |       ||   886
       Tailslap          |       |     3 |     4 |       |       ||     7
       Broad axe         |       |       |       |   139 |   165 ||   304
Throw: Dart              |       |     1 |    13 |    12 |     6 ||    32
       Boomerang         |       |       |     4 |     1 |       ||     5
Evoke: Wand              |       |       |     9 |    16 |     9 ||    34
       Condenser vane    |       |       |       |     1 |     2 ||     3
       Lightning rod     |       |       |       |       |     4 ||     4
  Use: Potion            |     2 |       |     9 |     1 |     6 ||    18
       Scroll            |       |     4 |     1 |     5 |     3 ||    13
 Stab: Distracted        |       |     1 |     3 |     1 |     5 ||    10
       Invisible         |       |       |     2 |       |       ||     2
Armor: Scale mail        |     9 |       |       |       |       ||     9
       Plate armour      |    65 |   115 |   216 |    83 |    36 ||   515
Dodge: Dodged            |    32 |    51 |    94 |    62 |    46 ||   285
Block: Buckler           |    15 |    50 |    80 |    61 |    35 ||   241

Table legend: (Time is in decaauts)
 A = Elapsed time spent in this place.
 B = Non-inter-level travel time spent in this place.
 C = Inter-level travel time spent in this place.
 D = Time resting spent in this place.
 E = Time spent auto-exploring this place.
 F = Levels seen in this place.
 G = Mean time per level.
                   A        B        C        D        E       F      G
               +--------+--------+--------+--------+--------+-----+--------+
         Total |  12866 |  12866 |      0 |    988 |   5417 |  16 |  804.1 |
       Dungeon |  10134 |  10134 |      0 |    228 |   5036 |  12 |  844.5 |
  Orcish Mines |   1314 |   1314 |      0 |      0 |    250 |   2 |  657.0 |
         Sewer |    524 |    524 |      0 |     38 |    131 |   1 |  524.0 |
      Ice Cave |    893 |    893 |      0 |    722 |      0 |   1 |  893.0 |
               +--------+--------+--------+--------+--------+-----+--------+

Top non-repeatable levels by time:
    D:10: 1509 daAuts
     D:4: 1394 daAuts
     D:7: 1148 daAuts
     D:6: 1038 daAuts
     D:2: 933 daAuts
   IceCv: 893 daAuts
     D:9: 887 daAuts
   Orc:2: 872 daAuts
     D:5: 763 daAuts
     D:1: 660 daAuts
     D:3: 647 daAuts
     D:8: 549 daAuts
   Sewer: 524 daAuts
    D:11: 513 daAuts
   Orc:1: 442 daAuts
